Blackhawks vs Red Wings

Created - May 17, 2025 at 21:44

Goals
1 2 3 OT1 SO T
Blackhawks 1 1 0 0 2 3
Red Wings 0 1 1 0 0 2
Shots
1 2 3 OT1 SO T
Blackhawks 10 6 5 5 3 26
Red Wings 7 6 12 5 2 30

1st period

1. Blackhawks , Johnny Gaudreau 34 (Auston Matthews 34) at 13:09

Penalties :
Joe Pavelski (Chi) for Roughing (Double Minor) at 6:01, Dylan Larkin (Det) for Holding (Minor) at 7:38, T.J. Hensick (Det) for Tripping (Minor) at 10:19, Danton Heinen (Det) for High sticking (Minor) at 13:16, Antoine Roussel (Chi) for Tripping (Minor) at 19:36

2nd period

2. Red Wings , Ryan Johansen 17 (Danton Heinen 37, Colton Parayko 37) at 0:50 (PP)
3. Blackhawks , Mike Amadio 17 (Erik Haula 31, Radko Gudas 21) at 15:25 (SH)

Penalties :
Johnny Gaudreau (Chi) for Cross-checking (Minor) at 1:36, Danton Heinen (Det) for Cross-checking (Minor) at 4:49, Mikko Rantanen (Chi) for Tripping (Minor) at 14:35, Lucas Lessio (Det) for Interference (Minor) at 16:53

3rd period

4. Red Wings , Ryan Johansen 18 (Colton Parayko 38, Danton Heinen 38) at 3:14

Penalties :
Lucas Lessio (Det) for Boarding (Minor) at 4:18, Colton Parayko (Det) for Interference (Minor) at 11:32, Andrew Ladd (Chi) for Tripping (Minor) at 15:13

Overtime #1

No Goal

Penalties :
No Penalty

Shootout

Blackhawks, Johnny Gaudreau - Goal!
Red Wings, Dylan Larkin - Stopped by Ilya Samsonov
Blackhawks, Mikko Rantanen - Stopped by Harru Sateri
Red Wings, Nino Niederreiter - Stopped by Ilya Samsonov
Blackhawks, Antoine Roussel - Goal!

Penalties :
No Penalty

Goalie Stats

Ilya Samsonov (Chi), 28 saves from 30 shots - (0.933), W, 6-10-1, 65:00 minutes
Harru Sateri (Det), 24 saves from 26 shots - (0.923), OTL, 1-1-1, 65:00 minutes

Players Stats for Blackhawks

Player Name              G  A  P  +/- PIM S  H  SB GA TA FO     MP     PP MP  PK MP  
------------------------------------------------------------------------------------
Adrian Kempe             0  0  0   0  0   0  0  1  0  0  0/0    14:50   5:23   0:01 
Andrew Ladd              0  0  0  -1  2   1  2  0  0  1  0/0     7:09   0:00   0:49 
Antoine Roussel          0  0  0   0  2   2  4  1  0  0  0/0    21:21   5:23   4:46 
Auston Matthews          0  1  1   1  0   0  2  0  0  0  13/19  18:18   5:23   0:00 
Dalton Prout             0  0  0   1  0   0  0  0  0  0  0/0    13:42   0:00   0:00 
Derek Stepan             0  0  0   0  0   5  0  3  0  0  15/26  23:20   6:24   5:38 
Erik Haula               0  1  1   1  0   1  2  0  0  0  0/2    16:15   0:07   3:38 
Joe Pavelski             0  0  0  -1  4   0  0  0  0  0  0/0     6:12   0:04   0:00 
Johnny Gaudreau          1  0  1   1  2   3  1  0  0  2  2/6    20:53   6:31   0:00 
Mike Amadio              1  0  1   1  0   1  0  0  0  0  1/1    13:03   0:00   2:27 
Mikko Rantanen           0  0  0   1  2   5  3  0  0  0  1/2    19:47   6:27   0:00 
PK Subban                0  0  0  -1  0   0  2  2  0  0  0/0    23:05   5:22   2:39 
Radko Gudas              0  1  1   1  0   1  0  2  0  0  0/0    27:29   6:32   6:32 
Robert Hagg              0  0  0   1  0   0  1  0  0  0  0/0    15:38   0:00   2:38 
Stefan Matteau           0  0  0  -1  0   1  0  0  0  0  0/3     7:18   0:00   1:03 
Thomas Chabot            0  0  0   0  0   2  0  2  0  0  0/0    16:01   5:22   0:01 
Will Butcher             0  0  0   0  0   2  1  1  1  0  0/0    29:05   6:32   6:32 
William Karlsson         0  0  0   0  0   2  0  0  0  0  1/2    10:19   0:00   0:00 

Players Stats for Red Wings

Player Name              G  A  P  +/- PIM S  H  SB GA TA FO     MP     PP MP  PK MP  
------------------------------------------------------------------------------------
Brendan Woods            0  0  0   0  0   1  0  0  0  0  1/3    11:12   0:00   4:34 
Calvin de Haan           0  0  0   0  0   1  0  0  0  0  0/0    14:30   3:46   0:05 
Carson Mcmillan          0  0  0   0  0   4  3  0  0  0  0/0    14:11   0:00   6:05 
Colton Parayko           0  2  2  -1  2   0  1  2  0  0  0/0    28:42   5:10   3:40 
Connor Brown             0  0  0  -1  0   3  3  0  1  0  4/6    18:22   4:19   0:00 
Danton Heinen            0  2  2   0  4   4  3  0  0  0  0/1    17:44   4:44   0:31 
Dylan Larkin             0  0  0  -1  2   1  5  0  2  0  6/14   18:27   4:26   0:54 
Ivan Provorov            0  0  0  -1  0   1  2  1  0  0  0/0    23:13   5:17   0:49 
Jake Virtanen            0  0  0   0  0   2  0  0  0  0  1/2    16:54   4:48   0:00 
Lucas Lessio             0  0  0   0  4   0  2  0  0  0  0/0     9:09   0:00   0:14 
Martin Marincin          0  0  0   0  0   0  0  1  0  0  0/0    14:15   0:00   4:34 
Nino Niederreiter        0  0  0  -1  0   1  0  0  0  1  0/0    20:34   4:23   3:09 
Philip Samuelsson        0  0  0   0  0   2  2  3  0  0  0/0    25:39   4:01   7:20 
Roland McKeown           0  0  0   0  0   0  1  1  0  0  0/0    18:42   0:08   7:20 
Ryan Johansen            2  0  2   0  0   5  1  0  0  0  10/24  21:47   4:44   2:56 
T.J. Hensick             0  0  0   0  2   2  1  0  0  0  6/11   14:13   0:00   5:25 
Teemu Pulkkinen          0  0  0   0  0   2  1  0  0  0  0/0     6:18   0:00   0:00 
Tyler Pitlick            0  0  0   0  0   1  0  0  0  0  0/0     7:08   0:08   0:00 

3 Stars

1 - Ryan Johansen (Det)
2 - Mike Amadio (Chi)
3 - Ilya Samsonov (Chi)

Power Play

Blackhawks - 0 on 7 Attempt(s) - 0.00%
Red Wings - 1 on 6 Attempt(s) - 16.67%

Penalty Kill

Blackhawks - 5 on 6 Attempt(s) - 83.33% - Score 1 goal in Penalty Kill
Red Wings - 7 on 7 Attempt(s) - 100.00% - Score 0 goal in Penalty Kill

Team Stat

Blackhawks - Hits : 18 - Faceoff Wins : 33 - Blocked Shots : 12 - Penalty Minutes : 12
Red Wings - Hits : 25 - Faceoff Wins : 28 - Blocked Shots : 8 - Penalty Minutes : 14

Official

Referees : Brandon Schrader and Jacob Brenk
Linesman : Kory Nagy and Ryan Gibbons

Game Notes

No Game Note

Finance

Level 1 -- Attendance: 5510 (91.83%) -- Ticket Income $551,000
Level 2 -- Attendance: 4511 (90.22%) -- Ticket Income $315,770
Level 3 -- Attendance: 1970 (98.50%) -- Ticket Income $78,800
Level 4 -- Attendance: 3659 (91.48%) -- Ticket Income $109,770
Luxury Box -- Attendance: 920 (92.00%) -- Ticket Income $184,000
Game was played at the Little Caesars arena.
Total Attendance: 16570 (92.06%)
Total Ticket Income: $1,239,340
Other Income: $185,901
Total Income: $1,425,241

Blackhawks

5 vs 5 Forward 
   Center                   Left Wing                Right Wing               Time % Phy DF OF 
 1 Auston Matthews          Johnny Gaudreau          Mikko Rantanen           40     1   2  2  
 2 Derek Stepan             Antoine Roussel          Adrian Kempe             30     1   2  2  
 3 William Karlsson         Erik Haula               Mike Amadio              20     1   2  2  
 4 Stefan Matteau           Andrew Ladd              Joe Pavelski             10     1   2  2  

5 vs 5 Defense 
   Defense                  Defense                                           Time % Phy DF OF 
 1 PK Subban                Will Butcher                                      40     1   2  2  
 2 Thomas Chabot            Radko Gudas                                       30     1   2  2  
 3 Dalton Prout             Robert Hagg                                       20     1   2  2  
 4 Radko Gudas              Will Butcher                                      10     1   2  2  

PowerPlay Forward 
   Center                   Left Wing                Right Wing               Time % Phy DF OF 
 1 Derek Stepan             Johnny Gaudreau          Mikko Rantanen           60     1   2  2  
 2 Auston Matthews          Antoine Roussel          Adrian Kempe             40     1   2  2  

PowerPlay Defense
   Defense                  Defense                                           Time % Phy DF OF 
 1 Radko Gudas              Will Butcher                                      60     1   2  2  
 2 Thomas Chabot            PK Subban                                         40     1   2  2  

Penalty Kill 4 Players Forward 
   Center                   Wing                     Time % Phy DF OF 
 1 Derek Stepan             Antoine Roussel          60     1   2  2  
 2 Erik Haula               Mike Amadio              40     1   2  2  

Penalty Kill 4 Players Defense
   Defense                  Defense                  Time % Phy DF OF 
 1 Radko Gudas              Will Butcher             60     1   2  2  
 2 Robert Hagg              PK Subban                40     1   2  2  

Penalty Kill - 3 Players Forward 
   Forward                                           Time % Phy DF OF 
 1 Erik Haula                                        60     1   2  2  
 2 Derek Stepan                                      40     1   2  2  

Penalty Kill - 3 Players Defense
   Defense                  Defense                  Time % Phy DF OF 
 1 Radko Gudas              Will Butcher             60     1   2  2  
 2 Robert Hagg              PK Subban                40     1   2  2  

4 vs 4 Forward 
   Center                   Wing                     Time % Phy DF OF 
 1 Derek Stepan             Johnny Gaudreau          60     1   2  2  
 2 Auston Matthews          Antoine Roussel          40     1   2  2  

4 vs 4 Defense
   Defense                  Defense                  Time % Phy DF OF 
 1 Radko Gudas              Will Butcher             60     1   2  2  
 2 Thomas Chabot            PK Subban                40     1   2  2  

Last Minutes Offensive
   Center                   Left Wing                Right Wing               Defense                  Defense                  
   Derek Stepan             Johnny Gaudreau          Mikko Rantanen           Radko Gudas              Will Butcher             

Last Minutes Defensive
   Center                   Left Wing                Right Wing               Defense                  Defense                  
   Derek Stepan             Johnny Gaudreau          Mikko Rantanen           Radko Gudas              Will Butcher             

Goaltenders
Starting : Ilya Samsonov            
Backup : Cam Ward                 

Extra Forwards
Normal : Erik Haula, Auston Matthews, Adrian Kempe - PP : Erik Haula, Auston Matthews - PK : Erik Haula
Extra Defensemen
Normal : PK Subban, Thomas Chabot, Robert Hagg - PP : PK Subban - PK : PK Subban, Thomas Chabot
Penalty Shots
Johnny Gaudreau, Mikko Rantanen, Antoine Roussel, Derek Stepan, Erik Haula
Custom OT Lines Forwards
Johnny Gaudreau, Mikko Rantanen, Antoine Roussel, Derek Stepan, Erik Haula, Auston Matthews, Adrian Kempe, Mike Amadio, William Karlsson, Joe Pavelski
Custom OT Lines Defensemen
Radko Gudas, Will Butcher, Dalton Prout, PK Subban, Thomas Chabot

Scratches
None

Red Wings

5 vs 5 Forward 
   Center                   Left Wing                Right Wing               Time % Phy DF OF 
 1 Dylan Larkin             Nino Niederreiter        Connor Brown             35     1   2  2  
 2 Ryan Johansen            Danton Heinen            Jake Virtanen            35     1   2  2  
 3 T.J. Hensick             Lucas Lessio             Carson Mcmillan          20     1   2  2  
 4 Brendan Woods            Teemu Pulkkinen          Tyler Pitlick            10     1   2  2  

5 vs 5 Defense 
   Defense                  Defense                                           Time % Phy DF OF 
 1 Ivan Provorov            Colton Parayko                                    40     1   2  2  
 2 Philip Samuelsson        Roland McKeown                                    30     1   2  2  
 3 Calvin de Haan           Martin Marincin                                   20     1   2  2  
 4 Calvin de Haan           Martin Marincin                                   10     1   2  2  

PowerPlay Forward 
   Center                   Left Wing                Right Wing               Time % Phy DF OF 
 1 Dylan Larkin             Nino Niederreiter        Connor Brown             60     1   2  2  
 2 Ryan Johansen            Danton Heinen            Jake Virtanen            40     1   2  2  

PowerPlay Defense
   Defense                  Defense                                           Time % Phy DF OF 
 1 Ivan Provorov            Colton Parayko                                    60     1   2  2  
 2 Philip Samuelsson        Calvin de Haan                                    40     1   2  2  

Penalty Kill 4 Players Forward 
   Center                   Wing                     Time % Phy DF OF 
 1 T.J. Hensick             Carson Mcmillan          60     1   2  2  
 2 Nino Niederreiter        Brendan Woods            40     1   2  2  

Penalty Kill 4 Players Defense
   Defense                  Defense                  Time % Phy DF OF 
 1 Philip Samuelsson        Roland McKeown           60     1   2  2  
 2 Colton Parayko           Martin Marincin          40     1   2  2  

Penalty Kill - 3 Players Forward 
   Forward                                           Time % Phy DF OF 
 1 Carson Mcmillan                                   60     1   2  2  
 2 Brendan Woods                                     40     1   2  2  

Penalty Kill - 3 Players Defense
   Defense                  Defense                  Time % Phy DF OF 
 1 Philip Samuelsson        Roland McKeown           60     1   2  2  
 2 Martin Marincin          Colton Parayko           40     1   2  2  

4 vs 4 Forward 
   Center                   Wing                     Time % Phy DF OF 
 1 Dylan Larkin             Connor Brown             60     1   2  2  
 2 Ryan Johansen            Nino Niederreiter        40     1   2  2  

4 vs 4 Defense
   Defense                  Defense                  Time % Phy DF OF 
 1 Ivan Provorov            Philip Samuelsson        60     1   2  2  
 2 Colton Parayko           Calvin de Haan           40     1   2  2  

Last Minutes Offensive
   Center                   Left Wing                Right Wing               Defense                  Defense                  
   Dylan Larkin             Nino Niederreiter        Connor Brown             Colton Parayko           Ryan Johansen            

Last Minutes Defensive
   Center                   Left Wing                Right Wing               Defense                  Defense                  
   T.J. Hensick             Brendan Woods            Carson Mcmillan          Colton Parayko           Roland McKeown           

Goaltenders
Starting : Harru Sateri             
Backup : Carter Hart              

Extra Forwards
Normal : Jake Virtanen, T.J. Hensick, Tyler Pitlick - PP : Tyler Pitlick, Carson Mcmillan - PK : Ryan Johansen
Extra Defensemen
Normal : Martin Marincin, Philip Samuelsson, Roland McKeown - PP : Roland McKeown - PK : Philip Samuelsson, Ivan Provorov
Penalty Shots
Dylan Larkin, Nino Niederreiter, Carson Mcmillan, Ryan Johansen, Teemu Pulkkinen
Custom OT Lines Forwards
Dylan Larkin, Connor Brown, Nino Niederreiter, Ryan Johansen, Danton Heinen, Jake Virtanen, T.J. Hensick, Carson Mcmillan, Teemu Pulkkinen, Tyler Pitlick
Custom OT Lines Defensemen
Colton Parayko, Philip Samuelsson, Ivan Provorov, Roland McKeown, Martin Marincin

Scratches
Jake Dotchin (Healthy), Mike Richards (Healthy), Travis Zajac (Healthy), Cam Talbot (Healthy)

% Time on Ice - Blackhawks

Lines # - Real PCT - Wanted PCT - Time Play
Normal Forward
1 - 31% - 40% - 11:16
2 - 25% - 30% - 9:24
3 - 28% - 20% - 10:19
4 - 16% - 10% - 5:57
Normal Defense
1 - 36% - 40% - 13:09
2 - 25% - 30% - 9:23
3 - 35% - 20% - 12:49
4 - 4% - 10% - 1:35
PP Forward
1 - 55% - 60% - 6:31
2 - 45% - 40% - 5:23
PP Defense
1 - 55% - 60% - 6:32
2 - 45% - 40% - 5:22
PK Forward
1 - 73% - 60% - 6:44
2 - 27% - 40% - 2:27
PK Defense
1 - 71% - 60% - 6:32
2 - 29% - 40% - 2:39
PK3 Forward
1 - 0% - 60%
2 - 0% - 40%
PK3 Defense
1 - 0% - 60%
2 - 0% - 40%
44 Forward
1 - 68% - 60% - 1:21
2 - 32% - 40% - 0:38
44 Defense
1 - 28% - 60% - 0:33
2 - 72% - 40% - 1:26
Last Minute Offensive  - 0:00
Last Minute Defensive  - 0:00
Total
Forward - 60:00
Defense - 60:00

% Time on Ice - Red Wings

Lines # - Real PCT - Wanted PCT - Time Play
Normal Forward
1 - 32% - 35% - 11:53
2 - 29% - 35% - 10:48
3 - 22% - 20% - 7:57
4 - 17% - 10% - 6:18
Normal Defense
1 - 45% - 40% - 16:38
2 - 30% - 30% - 10:58
3 - 20% - 20% - 7:13
4 - 6% - 10% - 2:07
PP Forward
1 - 48% - 60% - 4:27
2 - 52% - 40% - 4:44
PP Defense
1 - 59% - 60% - 5:25
2 - 41% - 40% - 3:46
PK Forward
1 - 74% - 60% - 8:45
2 - 26% - 40% - 3:09
PK Defense
1 - 62% - 60% - 7:20
2 - 38% - 40% - 4:34
PK3 Forward
1 - 0% - 60%
2 - 0% - 40%
PK3 Defense
1 - 0% - 60%
2 - 0% - 40%
44 Forward
1 - 82% - 60% - 1:38
2 - 18% - 40% - 0:21
44 Defense
1 - 56% - 60% - 1:07
2 - 44% - 40% - 0:52
Last Minute Offensive  - 0:00
Last Minute Defensive  - 0:00
Total
Forward - 60:00
Defense - 60:00

Play-by-Play

1st period


0:01 of 1st period - Dylan Larkin wins face-off versus Auston Matthews in neutral zone.
0:08 of 1st period - Will Butcher is hit by Connor Brown and loses puck.
0:27 of 1st period - Ryan Johansen is hit by PK Subban and loses puck.
0:32 of 1st period - Wrist shot by Antoine Roussel.
0:32 of 1st period - Stopped by Harru Sateri without a rebound.
0:33 of 1st period - T.J. Hensick wins face-off versus Derek Stepan in Red Wings zone.
1:09 of 1st period - Backhand shot by Danton Heinen.
1:09 of 1st period - Shot Blocked by Thomas Chabot.
1:36 of 1st period - Stefan Matteau is hit by Philip Samuelsson and loses puck.
1:55 of 1st period - Wrist shot by Teemu Pulkkinen.
1:55 of 1st period - Stopped by Ilya Samsonov without a rebound.
1:56 of 1st period - Auston Matthews wins face-off versus Brendan Woods in Blackhawks zone.
2:27 of 1st period - Wrist shot by Derek Stepan.
2:27 of 1st period - Stopped by Harru Sateri with a rebound.
2:58 of 1st period - Snap shot by Derek Stepan.
2:58 of 1st period - Shot Misses the Net.
3:01 of 1st period - Icing by Ivan Provorov.
3:02 of 1st period - Dylan Larkin wins face-off versus William Karlsson in Red Wings zone.
3:22 of 1st period - Robert Hagg is hit by Ivan Provorov and loses puck.
3:56 of 1st period - William Karlsson is hit by Ivan Provorov and loses puck.
4:01 of 1st period - Snap shot by Connor Brown.
4:01 of 1st period - Stopped by Ilya Samsonov with a rebound.
4:25 of 1st period - Dalton Prout is hit by Connor Brown and loses puck.
4:36 of 1st period - Snap shot by William Karlsson.
4:36 of 1st period - Shot Misses the Net.
4:52 of 1st period - Wrist shot by Connor Brown.
4:52 of 1st period - Stopped by Ilya Samsonov with a rebound.
4:54 of 1st period - Snap shot by Nino Niederreiter.
4:54 of 1st period - Stopped by Ilya Samsonov without a rebound.
4:55 of 1st period - Auston Matthews wins face-off versus Ryan Johansen in Blackhawks zone.
5:00 of 1st period - Snap shot by Johnny Gaudreau.
5:00 of 1st period - Shot Blocked by Martin Marincin.
5:55 of 1st period - Snap shot by Teemu Pulkkinen.
5:55 of 1st period - Shot Misses the Net.
6:01 of 1st period - Double Minor Penalty to Joe Pavelski for Roughing.
6:02 of 1st period - Ryan Johansen wins face-off versus Derek Stepan in Blackhawks zone.
6:07 of 1st period - Snap shot by Ryan Johansen.
6:07 of 1st period - Shot Blocked by Will Butcher.
6:09 of 1st period - Snap shot by Calvin de Haan.
6:09 of 1st period - Deflect By Ryan Johansen.
6:09 of 1st period - Shot Blocked by Radko Gudas.
6:09 of 1st period - Puck is out of play.
6:10 of 1st period - Derek Stepan wins face-off versus Ryan Johansen in Blackhawks zone.
6:17 of 1st period - Snap shot by Antoine Roussel.
6:17 of 1st period - Stopped by Harru Sateri with a rebound.
6:55 of 1st period - Snap shot by Jake Virtanen.
6:55 of 1st period - Stopped by Ilya Samsonov with a rebound.
6:57 of 1st period - Snap shot by Jake Virtanen.
6:57 of 1st period - Shot Blocked by Antoine Roussel.
6:59 of 1st period - Slapshot by Calvin de Haan.
6:59 of 1st period - Shot Blocked by Derek Stepan.
7:01 of 1st period - Slapshot by Philip Samuelsson.
7:01 of 1st period - Stopped by Ilya Samsonov with a rebound.
7:12 of 1st period - Slapshot by Philip Samuelsson.
7:12 of 1st period - Deflect By Jake Virtanen.
7:12 of 1st period - Shot Misses the Net.
7:12 of 1st period - Puck is out of play.
7:13 of 1st period - Dylan Larkin wins face-off versus Erik Haula in Blackhawks zone.
7:28 of 1st period - Snap shot by Mike Amadio.
7:28 of 1st period - Shot Misses the Net.
7:38 of 1st period - Minor Penalty to Dylan Larkin for Holding.
7:39 of 1st period - Jake Virtanen wins face-off versus Derek Stepan in Red Wings zone.
9:35 of 1st period - Slapshot by Thomas Chabot.
9:35 of 1st period - Shot Blocked by Ivan Provorov.
9:38 of 1st period - Penalty to Dylan Larkin is over, Dylan Larkin is back on ice.
9:59 of 1st period - Nino Niederreiter is hit by Will Butcher and loses puck.
10:01 of 1st period - Penalty to Joe Pavelski is over, Joe Pavelski is back on ice.
10:19 of 1st period - Minor Penalty to T.J. Hensick for Tripping.
10:20 of 1st period - Ryan Johansen wins face-off versus Derek Stepan in Red Wings zone.
10:46 of 1st period - PK Subban is hit by Philip Samuelsson and loses puck.
12:19 of 1st period - Penalty to T.J. Hensick is over, T.J. Hensick is back on ice.
12:22 of 1st period - T.J. Hensick is hit by Antoine Roussel and loses puck.
12:45 of 1st period - Snap shot by Mike Amadio.
12:45 of 1st period - Shot Blocked by Colton Parayko.
12:47 of 1st period - Snap shot by William Karlsson.
12:47 of 1st period - Stopped by Harru Sateri without a rebound.
12:48 of 1st period - Mike Amadio wins face-off versus Ryan Johansen in Red Wings zone.
13:03 of 1st period - Backhand shot by William Karlsson.
13:03 of 1st period - Stopped by Harru Sateri without a rebound.
13:04 of 1st period - Auston Matthews wins face-off versus Dylan Larkin in Red Wings zone.
13:09 of 1st period - Wrist shot by Johnny Gaudreau.
13:09 of 1st period - Goal by Johnny Gaudreau - Blackhawks : 1 - Red Wings : 0.
13:10 of 1st period - Auston Matthews wins face-off versus Ryan Johansen in neutral zone.
13:16 of 1st period - Minor Penalty to Danton Heinen for High sticking.
13:17 of 1st period - Derek Stepan wins face-off versus T.J. Hensick in Red Wings zone.
13:19 of 1st period - Wrist shot by Mikko Rantanen.
13:19 of 1st period - Stopped by Harru Sateri with a rebound.
13:21 of 1st period - Slapshot by Will Butcher.
13:21 of 1st period - Stopped by Harru Sateri without a rebound.
13:22 of 1st period - Derek Stepan wins face-off versus T.J. Hensick in Red Wings zone.
13:29 of 1st period - Wrist shot by Johnny Gaudreau.
13:29 of 1st period - Stopped by Harru Sateri without a rebound.
13:30 of 1st period - Derek Stepan wins face-off versus T.J. Hensick in Red Wings zone.
13:57 of 1st period - Antoine Roussel is hit by Carson Mcmillan and loses puck.
15:16 of 1st period - Penalty to Danton Heinen is over, Danton Heinen is back on ice.
15:49 of 1st period - Slapshot by Radko Gudas.
15:49 of 1st period - Stopped by Harru Sateri with a rebound.
16:33 of 1st period - Dalton Prout is hit by Dylan Larkin and loses puck.
17:00 of 1st period - Calvin de Haan is hit by Andrew Ladd.
17:12 of 1st period - Icing by Dalton Prout.
17:13 of 1st period - T.J. Hensick wins face-off versus Auston Matthews in Blackhawks zone.
17:14 of 1st period - Snap shot by Carson Mcmillan.
17:14 of 1st period - Stopped by Ilya Samsonov with a rebound.
17:22 of 1st period - Carson Mcmillan is hit by Mikko Rantanen and loses puck.
17:40 of 1st period - Off-side.
17:41 of 1st period - Derek Stepan wins face-off versus Ryan Johansen in neutral zone.
17:46 of 1st period - Wrist shot by Derek Stepan.
17:46 of 1st period - Shot Misses the Net.
17:49 of 1st period - Icing by Danton Heinen.
17:50 of 1st period - Auston Matthews wins face-off versus Ryan Johansen in Red Wings zone.
19:16 of 1st period - Wrist shot by Derek Stepan.
19:16 of 1st period - Shot Blocked by Roland McKeown.
19:36 of 1st period - Minor Penalty to Antoine Roussel for Tripping.
19:37 of 1st period - Derek Stepan wins face-off versus Dylan Larkin in Blackhawks zone.
Goals for this period are 1 for Blackhawks vs 0 for Red Wings.
Shots for this period are 10 for Blackhawks vs 7 for Red Wings.

2nd period


0:01 of 2nd period - Derek Stepan wins face-off versus Dylan Larkin in neutral zone.
0:34 of 2nd period - Will Butcher is hit by Danton Heinen.
0:50 of 2nd period - Snap shot by Danton Heinen.
0:50 of 2nd period - Deflect By Ryan Johansen.
0:50 of 2nd period - Goal by Ryan Johansen - Blackhawks : 1 - Red Wings : 1.
0:51 of 2nd period - Auston Matthews wins face-off versus Ryan Johansen in neutral zone.
0:54 of 2nd period - Slapshot by Thomas Chabot.
0:54 of 2nd period - Stopped by Harru Sateri without a rebound.
0:55 of 2nd period - Auston Matthews wins face-off versus Ryan Johansen in Red Wings zone.
1:02 of 2nd period - Backhand shot by Thomas Chabot.
1:02 of 2nd period - Deflect By Jake Virtanen.
1:02 of 2nd period - Stopped by Harru Sateri with a rebound.
1:07 of 2nd period - Off-side.
1:08 of 2nd period - Auston Matthews wins face-off versus Ryan Johansen in neutral zone.
1:36 of 2nd period - Minor Penalty to Johnny Gaudreau for Cross-checking.
1:37 of 2nd period - Derek Stepan wins face-off versus Dylan Larkin in Blackhawks zone.
3:36 of 2nd period - Penalty to Johnny Gaudreau is over, Johnny Gaudreau is back on ice.
3:46 of 2nd period - Slapshot by Andrew Ladd.
3:46 of 2nd period - Stopped by Harru Sateri without a rebound.
3:47 of 2nd period - T.J. Hensick wins face-off versus Auston Matthews in Red Wings zone.
3:54 of 2nd period - Johnny Gaudreau is hit by Carson Mcmillan and loses puck.
4:25 of 2nd period - Slapshot by Tyler Pitlick.
4:25 of 2nd period - Stopped by Ilya Samsonov without a rebound.
4:26 of 2nd period - Auston Matthews wins face-off versus Jake Virtanen in Blackhawks zone.
4:49 of 2nd period - Minor Penalty to Danton Heinen for Cross-checking.
4:50 of 2nd period - Derek Stepan wins face-off versus T.J. Hensick in Red Wings zone.
6:38 of 2nd period - Mikko Rantanen is hit by Lucas Lessio and loses puck.
6:49 of 2nd period - Penalty to Danton Heinen is over, Danton Heinen is back on ice.
7:15 of 2nd period - Jake Virtanen is hit by PK Subban and loses puck.
7:22 of 2nd period - Wrist shot by Stefan Matteau.
7:22 of 2nd period - Shot Blocked by Colton Parayko.
8:20 of 2nd period - Mikko Rantanen is hit by Danton Heinen.
8:43 of 2nd period - Mike Amadio is hit by Dylan Larkin and loses puck.
8:58 of 2nd period - Thomas Chabot is hit by Colton Parayko and loses puck.
9:18 of 2nd period - Brendan Woods is hit by Mikko Rantanen and loses puck.
9:29 of 2nd period - Joe Pavelski is hit by Roland McKeown and loses puck.
9:53 of 2nd period - Wrist shot by Carson Mcmillan.
9:53 of 2nd period - Shot Misses the Net.
9:55 of 2nd period - Snap shot by T.J. Hensick.
9:55 of 2nd period - Shot Blocked by Derek Stepan.
9:57 of 2nd period - Snap shot by T.J. Hensick.
9:57 of 2nd period - Deflect By Carson Mcmillan.
9:57 of 2nd period - Stopped by Ilya Samsonov with a rebound.
10:21 of 2nd period - Dalton Prout is hit by Ryan Johansen and loses puck.
10:32 of 2nd period - Dalton Prout is hit by Dylan Larkin.
10:36 of 2nd period - Dalton Prout is hit by Connor Brown and loses puck.
10:51 of 2nd period - Dalton Prout is hit by T.J. Hensick and loses puck.
11:20 of 2nd period - Off-side.
11:21 of 2nd period - Ryan Johansen wins face-off versus Derek Stepan in neutral zone.
12:16 of 2nd period - Snap shot by T.J. Hensick.
12:16 of 2nd period - Stopped by Ilya Samsonov without a rebound.
12:17 of 2nd period - Derek Stepan wins face-off versus T.J. Hensick in Blackhawks zone.
12:22 of 2nd period - Off-side.
12:23 of 2nd period - Derek Stepan wins face-off versus Ryan Johansen in neutral zone.
12:40 of 2nd period - Slapshot by Ryan Johansen.
12:40 of 2nd period - Shot Blocked by Adrian Kempe.
12:58 of 2nd period - Snap shot by Mikko Rantanen.
12:58 of 2nd period - Stopped by Harru Sateri with a rebound.
13:25 of 2nd period - Off-side.
13:26 of 2nd period - Ryan Johansen wins face-off versus Stefan Matteau in neutral zone.
13:57 of 2nd period - Backhand shot by Calvin de Haan.
13:57 of 2nd period - Shot Blocked by PK Subban.
14:23 of 2nd period - Off-side.
14:24 of 2nd period - Dylan Larkin wins face-off versus Auston Matthews in neutral zone.
14:29 of 2nd period - Snap shot by Dylan Larkin.
14:29 of 2nd period - Stopped by Ilya Samsonov without a rebound.
14:30 of 2nd period - Dylan Larkin wins face-off versus Auston Matthews in Blackhawks zone.
14:33 of 2nd period - Snap shot by Connor Brown.
14:33 of 2nd period - Shot Blocked by PK Subban.
14:35 of 2nd period - Minor Penalty to Mikko Rantanen for Tripping.
14:36 of 2nd period - Dylan Larkin wins face-off versus Derek Stepan in Blackhawks zone.
15:21 of 2nd period - Wrist shot by Mike Amadio.
15:21 of 2nd period - Shot Misses the Net.
15:25 of 2nd period - Wrist shot by Mike Amadio.
15:25 of 2nd period - Goal by Mike Amadio - Blackhawks : 2 - Red Wings : 1.
15:26 of 2nd period - Derek Stepan wins face-off versus Dylan Larkin in neutral zone.
15:31 of 2nd period - Snap shot by Derek Stepan.
15:31 of 2nd period - Stopped by Harru Sateri with a rebound.
15:59 of 2nd period - Calvin de Haan is hit by Antoine Roussel and loses puck.
16:35 of 2nd period - Penalty to Mikko Rantanen is over, Mikko Rantanen is back on ice.
16:53 of 2nd period - Minor Penalty to Lucas Lessio for Interference.
16:54 of 2nd period - T.J. Hensick wins face-off versus Derek Stepan in Red Wings zone.
17:11 of 2nd period - Slapshot by Mikko Rantanen.
17:11 of 2nd period - Shot Blocked by Philip Samuelsson.
18:53 of 2nd period - Penalty to Lucas Lessio is over, Lucas Lessio is back on ice.
19:01 of 2nd period - Calvin de Haan is hit by Andrew Ladd and loses puck.
19:28 of 2nd period - Tyler Pitlick is hit by Erik Haula.
19:38 of 2nd period - William Karlsson is hit by Danton Heinen and loses puck.
19:43 of 2nd period - Snap shot by Ryan Johansen.
19:43 of 2nd period - Stopped by Ilya Samsonov with a rebound.
19:56 of 2nd period - Will Butcher is hit by Dylan Larkin and loses puck.
Goals for this period are 1 for Blackhawks vs 1 for Red Wings.
Shots for this period are 6 for Blackhawks vs 6 for Red Wings.

3rd period


0:01 of 3rd period - Auston Matthews wins face-off versus Ryan Johansen in neutral zone.
0:06 of 3rd period - Roland McKeown is hit by Johnny Gaudreau and loses puck.
0:29 of 3rd period - Wrist shot by Adrian Kempe.
0:29 of 3rd period - Shot Blocked by Philip Samuelsson.
0:41 of 3rd period - Philip Samuelsson is hit by Antoine Roussel and loses puck.
0:58 of 3rd period - Snap shot by Carson Mcmillan.
0:58 of 3rd period - Stopped by Ilya Samsonov with a rebound.
1:00 of 3rd period - Wrist shot by Carson Mcmillan.
1:00 of 3rd period - Shot Misses the Net.
1:49 of 3rd period - Colton Parayko is hit by Robert Hagg and loses puck.
2:07 of 3rd period - Martin Marincin is hit by Erik Haula and loses puck.
2:18 of 3rd period - Will Butcher is hit by Carson Mcmillan and loses puck.
2:37 of 3rd period - T.J. Hensick is hit by Auston Matthews and loses puck.
3:00 of 3rd period - Slapshot by Stefan Matteau.
3:00 of 3rd period - Stopped by Harru Sateri without a rebound.
3:01 of 3rd period - Ryan Johansen wins face-off versus Stefan Matteau in Red Wings zone.
3:10 of 3rd period - Wrist shot by Danton Heinen.
3:10 of 3rd period - Shot Misses the Net.
3:12 of 3rd period - Slapshot by Ryan Johansen.
3:12 of 3rd period - Shot Misses the Net.
3:14 of 3rd period - Slapshot by Colton Parayko.
3:14 of 3rd period - Deflect By Ryan Johansen.
3:14 of 3rd period - Goal by Ryan Johansen - Blackhawks : 2 - Red Wings : 2.
3:15 of 3rd period - Ryan Johansen wins face-off versus Mikko Rantanen in neutral zone.
3:18 of 3rd period - Wrist shot by Ryan Johansen.
3:18 of 3rd period - Shot Misses the Net.
3:20 of 3rd period - Snap shot by Colton Parayko.
3:20 of 3rd period - Deflect By Danton Heinen.
3:20 of 3rd period - Shot Hit the Post.
3:20 of 3rd period - Puck is out of play.
3:21 of 3rd period - Auston Matthews wins face-off versus Ryan Johansen in Blackhawks zone.
3:58 of 3rd period - Antoine Roussel is hit by Dylan Larkin and loses puck.
4:18 of 3rd period - Minor Penalty to Lucas Lessio for Boarding.
4:19 of 3rd period - T.J. Hensick wins face-off versus Derek Stepan in Red Wings zone.
4:19 of 3rd period - T.J. Hensick is hit by Mikko Rantanen.
4:51 of 3rd period - Wrist shot by Adrian Kempe.
4:51 of 3rd period - Shot Misses the Net.
6:18 of 3rd period - Penalty to Lucas Lessio is over, Lucas Lessio is back on ice.
6:22 of 3rd period - Wrist shot by Lucas Lessio.
6:22 of 3rd period - Shot Blocked by Thomas Chabot.
7:13 of 3rd period - Slapshot by Erik Haula.
7:13 of 3rd period - Deflect By Lucas Lessio.
7:13 of 3rd period - Stopped by Harru Sateri without a rebound.
7:14 of 3rd period - Derek Stepan wins face-off versus Dylan Larkin in Red Wings zone.
7:29 of 3rd period - Wrist shot by Nino Niederreiter.
7:29 of 3rd period - Shot Hit the Post.
7:31 of 3rd period - Slapshot by Calvin de Haan.
7:31 of 3rd period - Stopped by Ilya Samsonov with a rebound.
7:41 of 3rd period - Tyler Pitlick is hit by Auston Matthews and loses puck.
7:50 of 3rd period - Snap shot by Mikko Rantanen.
7:50 of 3rd period - Stopped by Harru Sateri without a rebound.
7:51 of 3rd period - Mikko Rantanen wins face-off versus Dylan Larkin in Red Wings zone.
8:07 of 3rd period - Slapshot by Dylan Larkin.
8:07 of 3rd period - Shot Misses the Net.
8:17 of 3rd period - Derek Stepan is hit by Teemu Pulkkinen and loses puck.
9:11 of 3rd period - Slapshot by Philip Samuelsson.
9:11 of 3rd period - Deflect By T.J. Hensick.
9:11 of 3rd period - Stopped by Ilya Samsonov with a rebound.
10:19 of 3rd period - Icing by Martin Marincin.
10:20 of 3rd period - Ryan Johansen wins face-off versus Stefan Matteau in Red Wings zone.
11:32 of 3rd period - Minor Penalty to Colton Parayko for Interference.
11:33 of 3rd period - T.J. Hensick wins face-off versus Derek Stepan in Red Wings zone.
12:40 of 3rd period - T.J. Hensick is hit by Antoine Roussel and loses puck.
13:32 of 3rd period - Penalty to Colton Parayko is over, Colton Parayko is back on ice.
13:33 of 3rd period - Icing by Mikko Rantanen.
13:34 of 3rd period - Ryan Johansen wins face-off versus Derek Stepan in Blackhawks zone.
13:47 of 3rd period - Slapshot by Ivan Provorov.
13:47 of 3rd period - Stopped by Ilya Samsonov without a rebound.
13:48 of 3rd period - William Karlsson wins face-off versus Ryan Johansen in Blackhawks zone.
13:53 of 3rd period - Wrist shot by Danton Heinen.
13:53 of 3rd period - Stopped by Ilya Samsonov with a rebound.
13:55 of 3rd period - Snap shot by Ryan Johansen.
13:55 of 3rd period - Shot Blocked by Radko Gudas.
13:57 of 3rd period - Snap shot by Danton Heinen.
13:57 of 3rd period - Stopped by Ilya Samsonov without a rebound.
13:58 of 3rd period - Auston Matthews wins face-off versus Ryan Johansen in Blackhawks zone.
14:07 of 3rd period - Backhand shot by Mikko Rantanen.
14:07 of 3rd period - Stopped by Harru Sateri with a rebound.
14:09 of 3rd period - Wrist shot by Johnny Gaudreau.
14:09 of 3rd period - Stopped by Harru Sateri with a rebound.
14:54 of 3rd period - Snap shot by William Karlsson.
14:54 of 3rd period - Shot Misses the Net.
14:56 of 3rd period - Wrist shot by Mike Amadio.
14:56 of 3rd period - Shot Misses the Net.
15:13 of 3rd period - Minor Penalty to Andrew Ladd for Tripping.
15:14 of 3rd period - Derek Stepan wins face-off versus Dylan Larkin in Blackhawks zone.
15:44 of 3rd period - Wrist shot by Danton Heinen.
15:44 of 3rd period - Stopped by Ilya Samsonov with a rebound.
15:46 of 3rd period - Snap shot by Ryan Johansen.
15:46 of 3rd period - Shot Misses the Net.
16:05 of 3rd period - Snap shot by Erik Haula.
16:05 of 3rd period - Shot Misses the Net.
17:13 of 3rd period - Penalty to Andrew Ladd is over, Andrew Ladd is back on ice.
17:37 of 3rd period - Slapshot by Johnny Gaudreau.
17:37 of 3rd period - Shot Misses the Net.
17:51 of 3rd period - Snap shot by Teemu Pulkkinen.
17:51 of 3rd period - Stopped by Ilya Samsonov with a rebound.
17:53 of 3rd period - Wrist shot by Brendan Woods.
17:53 of 3rd period - Stopped by Ilya Samsonov without a rebound.
17:54 of 3rd period - Derek Stepan wins face-off versus Brendan Woods in Blackhawks zone.
18:56 of 3rd period - Stefan Matteau is hit by Lucas Lessio and loses puck.
19:05 of 3rd period - Slapshot by Carson Mcmillan.
19:05 of 3rd period - Stopped by Ilya Samsonov without a rebound.
19:06 of 3rd period - Brendan Woods wins face-off versus Erik Haula in Blackhawks zone.
19:46 of 3rd period - Wrist shot by Danton Heinen.
19:46 of 3rd period - Stopped by Ilya Samsonov with a rebound.
Goals for this period are 0 for Blackhawks vs 1 for Red Wings.
Shots for this period are 5 for Blackhawks vs 12 for Red Wings.

Overtime #1


0:01 of 1st overtime period - Johnny Gaudreau wins face-off versus Connor Brown in neutral zone.
0:30 of 1st overtime period - Snap shot by Ryan Johansen.
0:30 of 1st overtime period - Shot Misses the Net.
0:32 of 1st overtime period - Snap shot by Ryan Johansen.
0:32 of 1st overtime period - Stopped by Ilya Samsonov with a rebound.
0:34 of 1st overtime period - Snap shot by Ryan Johansen.
0:34 of 1st overtime period - Shot Misses the Net.
0:36 of 1st overtime period - Snap shot by Nino Niederreiter.
0:36 of 1st overtime period - Shot Blocked by Derek Stepan.
0:38 of 1st overtime period - Wrist shot by Ryan Johansen.
0:38 of 1st overtime period - Stopped by Ilya Samsonov without a rebound.
0:39 of 1st overtime period - Connor Brown wins face-off versus Johnny Gaudreau in Blackhawks zone.
0:48 of 1st overtime period - Wrist shot by Connor Brown.
0:48 of 1st overtime period - Stopped by Ilya Samsonov without a rebound.
0:49 of 1st overtime period - Connor Brown wins face-off versus Johnny Gaudreau in Blackhawks zone.
0:50 of 1st overtime period - Snap shot by Dylan Larkin.
0:50 of 1st overtime period - Shot Misses the Net.
1:04 of 1st overtime period - Wrist shot by Dylan Larkin.
1:04 of 1st overtime period - Shot Misses the Net.
1:13 of 1st overtime period - Icing by Johnny Gaudreau.
1:14 of 1st overtime period - Ryan Johansen wins face-off versus Derek Stepan in Blackhawks zone.
1:15 of 1st overtime period - Snap shot by Nino Niederreiter.
1:15 of 1st overtime period - Shot Misses the Net.
1:21 of 1st overtime period - Wrist shot by Antoine Roussel.
1:21 of 1st overtime period - Shot Misses the Net.
1:23 of 1st overtime period - Snap shot by Derek Stepan.
1:23 of 1st overtime period - Stopped by Harru Sateri with a rebound.
1:25 of 1st overtime period - Wrist shot by Radko Gudas.
1:25 of 1st overtime period - Deflect By Derek Stepan.
1:25 of 1st overtime period - Stopped by Harru Sateri without a rebound.
1:26 of 1st overtime period - Connor Brown wins face-off versus Johnny Gaudreau in Red Wings zone.
2:35 of 1st overtime period - Slapshot by Will Butcher.
2:35 of 1st overtime period - Stopped by Harru Sateri without a rebound.
2:36 of 1st overtime period - Ryan Johansen wins face-off versus Auston Matthews in Red Wings zone.
3:01 of 1st overtime period - Wrist shot by Mikko Rantanen.
3:01 of 1st overtime period - Deflect By Johnny Gaudreau.
3:01 of 1st overtime period - Shot Misses the Net.
3:01 of 1st overtime period - Puck is out of play.
3:02 of 1st overtime period - Johnny Gaudreau wins face-off versus Connor Brown in Red Wings zone.
3:05 of 1st overtime period - Wrist shot by Mikko Rantanen.
3:05 of 1st overtime period - Stopped by Harru Sateri without a rebound.
3:06 of 1st overtime period - Connor Brown wins face-off versus Johnny Gaudreau in Red Wings zone.
3:35 of 1st overtime period - Wrist shot by Antoine Roussel.
3:35 of 1st overtime period - Shot Misses the Net.
3:37 of 1st overtime period - Snap shot by Antoine Roussel.
3:37 of 1st overtime period - Shot Misses the Net.
3:39 of 1st overtime period - Snap shot by Derek Stepan.
3:39 of 1st overtime period - Shot Misses the Net.
3:47 of 1st overtime period - Snap shot by Derek Stepan.
3:47 of 1st overtime period - Stopped by Harru Sateri with a rebound.
4:39 of 1st overtime period - Wrist shot by Philip Samuelsson.
4:39 of 1st overtime period - Stopped by Ilya Samsonov with a rebound.
4:41 of 1st overtime period - Snap shot by Jake Virtanen.
4:41 of 1st overtime period - Stopped by Ilya Samsonov without a rebound.
4:42 of 1st overtime period - Auston Matthews wins face-off versus Danton Heinen in Blackhawks zone.
4:49 of 1st overtime period - Snap shot by Erik Haula.
4:49 of 1st overtime period - Shot Misses the Net.
4:51 of 1st overtime period - Wrist shot by Auston Matthews.
4:51 of 1st overtime period - Shot Misses the Net.
4:53 of 1st overtime period - Slapshot by Radko Gudas.
4:53 of 1st overtime period - Shot Misses the Net.
4:55 of 1st overtime period - Slapshot by Radko Gudas.
4:55 of 1st overtime period - Shot Blocked by Philip Samuelsson.
4:57 of 1st overtime period - Slapshot by Radko Gudas.
4:57 of 1st overtime period - Shot Misses the Net.
Goals for this period are 0 for Blackhawks vs 0 for Red Wings.
Shots for this period are 5 for Blackhawks vs 5 for Red Wings.

ShootOut


5:00 of 1st overtime period - Round #1.
5:00 of 1st overtime period - Blackhawks, Johnny Gaudreau.
5:00 of 1st overtime period - Wrist shot by Johnny Gaudreau.
5:00 of 1st overtime period - Goal by Johnny Gaudreau.
5:00 of 1st overtime period - Red Wings, Dylan Larkin.
5:00 of 1st overtime period - Deke by Dylan Larkin.
5:00 of 1st overtime period - Stopped by Ilya Samsonov.
5:00 of 1st overtime period - Round #2.
5:00 of 1st overtime period - Blackhawks, Mikko Rantanen.
5:00 of 1st overtime period - Snap shot by Mikko Rantanen.
5:00 of 1st overtime period - Stopped by Harru Sateri.
5:00 of 1st overtime period - Red Wings, Nino Niederreiter.
5:00 of 1st overtime period - Snap shot by Nino Niederreiter.
5:00 of 1st overtime period - Stopped by Ilya Samsonov.
5:00 of 1st overtime period - Round #3.
5:00 of 1st overtime period - Blackhawks, Antoine Roussel.
5:00 of 1st overtime period - Deke by Antoine Roussel.
5:00 of 1st overtime period - Goal by Antoine Roussel.